Map: Kairos Junction LE

Players

Throwfordays - Winner!

  • Race: Terran Terran
  • League: Silver
  • Spawn Location: 5:00

UNCLESAM

  • Race: Protoss Protoss
  • Spawn Location: 11:00

VOD

Have the link to the VOD?

Description

Time

  • Played on: March 20, 2019, 10:28 p.m.
  • Length: 7:46
Show
View Real Time Build Order
Export as new Build Order

Throwfordays Terran - Winner!

Build Orders: Command Center First (CC) 

Get SALT Encoding   

  12  0:01  SCV  
  13  0:18  SCV  
  14  0:21  Supply Depot  
  14  0:30  SCV  
  15  0:43  SCV  
  16  1:00  Command Center  
  16  1:03  SCV  
  17  1:15  SCV  
  17  1:16  Refinery  
  18  1:25  Refinery  
  18  1:28  SCV  
  19  1:34  Barracks  
  19  1:40  SCV  
  20  2:00  SCV  
  21  2:12  SCV  
  21  2:14  SCV  
  23  2:15  Supply Depot  
  23  2:23  Barracks  
  23  2:25  Barracks Tech Lab  
  23  2:26  SCV  
  24  2:30  SCV  
  25  2:38  SCV  
  25  2:43  SCV  
  27  2:47  Engineering Bay  
  27  2:51  SCV  
  28  2:59  Marine  
  28  3:03  SCV  
  30  3:11  SCV  
  31  3:15  SCV  
  31  3:16  Barracks Reactor  
  31  3:17  Marine  
  31  3:19  Engineering Bay  
  33  3:23  SCV  
  34  3:27  SCV  
  35  3:34  Marine  
  35  3:35  SCV  
  35  3:39  SCV, Supply Depot  
  38  3:47  Supply Depot  
  38  3:48  SCV, Terran Infantry Weapons Level 1  
  39  3:51  SCV  
  39  3:52  Terran Infantry Armor Level 1, Marine  
  39  3:53  Marine  
  42  3:56  Marine  
  42  4:00  SCV, Combat Shield  
  44  4:03  SCV  
  45  4:10  Marine  
  45  4:11  Marine  
  45  4:12  SCV  
  45  4:14  Marine  
  45  4:15  SCV  
  50  4:28  Marine  
  50  4:29  Marine  
  50  4:31  Supply Depot  
  52  4:32  Marine, Supply Depot  
  52  4:35  Refinery  
  52  4:37  SCV  
  54  4:39  SCV  
  54  4:44  Refinery  
  55  4:46  Marine  
  55  4:47  Marine  
  55  4:49  Marine, SCV  
  55  4:51  SCV  
  60  5:02  Supply Depot, Factory  
  60  5:03  Marine  
  60  5:05  Marine  
  62  5:07  Marine  
  63  5:18  SCV  
  63  5:19  Orbital Command  
  64  5:21  Marine  
  64  5:22  Marine  
  64  5:25  Marine  
  64  5:27  Supply Depot  
  67  5:39  Marine  
  67  5:40  Marine, Stimpack  
  69  5:43  Marine  
  69  5:47  Starport  
  70  5:51  Supply Depot  
  70  5:52  SCV  
  71  5:57  Marine  
  71  5:58  Marine  
  71  6:01  Marine  
  73  6:04  SCV  
  74  6:15  Marine  
  74  6:16  Marine  
  76  6:18  Marine  
  76  6:32  Marine  
  76  6:34  Marine  
  78  6:50  Marine  
  79  7:46  Supply Depot  
Show
View Real Time Build Order
Export as new Build Order

UNCLESAM Protoss 

Build Orders:  

Get SALT Encoding   

  12  0:00  Probe  
  13  0:09  Probe  
  14  0:25  Probe  
  15  0:37  Pylon  
  15  0:45  Pylon  
  15  0:49  Pylon  
  15  0:55  Probe  
  16  0:57  Pylon  
  16  1:00  Assimilator  
  16  1:03  Probe  
  16  1:08  Assimilator  
  17  1:17  Forge  
  17  1:30  Gateway  
  17  1:40  Gateway  
  17  1:53  Probe  
  18  2:05  Probe  
  19  2:12  Photon Cannon  
  19  2:15  Probe  
  20  2:23  Probe  
  20  2:24  Photon Cannon  
  23  2:30  Zealot  
  23  2:31  Probe  
  24  2:47  Pylon  
  24  2:57  Zealot  
  24  2:58  Zealot  
  28  3:24  Nexus  
  28  3:30  Assimilator  
  28  3:34  Assimilator  
  28  3:37  Zealot  
  32  3:41  Zealot  
  32  3:56  Protoss Ground Weapons Level 1  
  32  4:01  Photon Cannon  
  32  4:04  Zealot  
  32  4:08  Zealot  
  36  4:33  Probe  
  37  4:41  Probe  
  37  4:43  Photon Cannon  
  38  4:51  Pylon, Probe  
  39  5:09  Cybernetics Core  
  39  5:13  Pylon  
  39  5:20  Pylon  
  39  5:41  Nexus  
  39  5:48  Assimilator  
  39  5:55  Pylon  
  39  6:02  Pylon  
  30  6:23  Photon Cannon  
  30  6:28  Photon Cannon  
Tags
 
Add a new tag
Caveats
  • Supply blocks, unpowered buildings, or Contaminate may cause inaccurate times.
  • Supply counts are checked every 10 seconds.